 Dungeon Crawl Stone Soup version 0.29.1-12-g30fa7ad0bf (webtiles) character file.

Game seed: 14381108978371619042

7 Coaxmetal the Vexing (level 1, 0/10 HPs)
             Began as a Deep Elf Enchanter on Dec 19, 2022.
             Succumbed to a goblin's poison
             ... on level 2 of the Dungeon.
             The game lasted 00:00:34 (345 turns).

Coaxmetal the Vexing (Deep Elf Enchanter)            Turns: 345, Time: 00:00:35

Health: 0/10       AC:  2    Str:  5    XL:     1   Next: 83%
Magic:  6/6        EV: 12    Int: 19    God:
Gold:   0          SH:  0    Dex: 15    Spells: 6/6 levels left

rFire   . . .      SeeInvis .   a - +1 dagger
rCold   . . .      Faith    .   (no shield)
rNeg    . . .      Spirit   .   b - +0 robe
rPois   .          Reflect  .   (no helmet)
rElec   .          Harm     .   (no cloak)
rCorr   .          Rampage  .   (no gloves)
Will    .....                   (no boots)
Stlth   +++.......              (no amulet)
HPRegen 0.03/turn               (no ring)
MPRegen 0.10/turn               (no ring)

@: mighty, lethally poisoned (0 -> -3)
A: no striking features
a: no special abilities


You were on level 2 of the Dungeon.
You visited 1 branch of the dungeon, and saw 2 of its levels.

Inventory:

Hand Weapons
 a - a +1 dagger (weapon)
Missiles
 f - 5 stones (quivered)
Armour
 b - a +0 robe (worn)
Scrolls
 d - a scroll of fear {unknown}
Potions
 c - 2 potions of invisibility


   Skills:
 + Level 1.5 Short Blades
 - Level 2.4 Dodging
 - Level 4.0 Stealth
 - Level 3.0 Spellcasting
 - Level 4.0 Hexes


You had 6 spell levels left.
You didn't know any spells.
Your spell library contained the following spells:

 Spells                   Type           Power      Damage    Failure   Level
 Confusing Touch          Hex            18%        N/A       9%          3
 Tukima's Dance           Hex            18%        N/A       9%          3
 Ensorcelled Hibernation  Hex/Ice        20%        N/A       10%         2
 Dazzling Flash           Conj/Hex       20%        N/A       21%         3


Dungeon Overview and Level Annotations

Branches:
Dungeon (2/15)

Altars:

Shops:
D:1 *


Message History

You hit the rat.
The rat is heavily wounded.
The rat closely misses you.
You barely miss the rat.
The rat is heavily wounded.
The rat bites you but does no damage.
You hit the rat.
You kill the rat!
A goblin comes into view. It is wielding a +0 dagger of venom.
You see here 6 stones.
f - 6 stones Throw: 6 stones
Press: ? - help, Q - select action Shift-Dir - straight line, f - goblin
Aim: a goblin, wielding a +0 dagger of venom (asleep, 98% to hit)
You throw a stone. The stone hits the goblin.
The goblin is moderately wounded.
You barely miss the goblin.
The goblin is moderately wounded.
The goblin barely misses you.
You hit the goblin but do no damage.
The goblin is moderately wounded.
The goblin hits you with a +0 dagger of venom.
You hit the goblin.
The goblin is moderately wounded.
The goblin hits you with a +0 dagger of venom.
You are lethally poisoned!
You hit the goblin.
You kill the goblin!
* * * LOW HITPOINT WARNING * * *
You feel sick.
Training target 4.0 for Stealth reached!
Your Stealth skill increases to level 4!
Unknown command.
* * * LOW HITPOINT WARNING * * *
You feel sick.
* * * LOW HITPOINT WARNING * * *
You feel sick.
It was a potion of might.
You feel very mighty all of a sudden.
You die...

#####... #.# #.
.......# #####.# #.
........ ...#.# #.
......######.#.######.
.........†<...>.......
##.#)#....#.#.#######
#......#...#
#........#.#
#@...#...#.#
######.#.#.# ..#.#.#
.###.#.#


There were no monsters in sight!

Vanquished Creatures
  2 ball pythons (D:1)
  A goblin (D:2)
  A quokka (D:1)
  A bat (D:1)
  A rat (D:2)
6 creatures vanquished.

Vanquished Creatures (others)
  4 plants (D:2)
4 creatures vanquished.

Grand Total: 10 creatures vanquished

Notes
Turn   | Place    | Note
-------+----------+-------------------------------------------
     0 | D:1      | Coaxmetal the Deep Elf Enchanter began the quest for the
                  | Orb.
     0 | D:1      | Reached XP level 1. HP: 10/10 MP: 6/6
   272 | D:1      | Found Xuvay's Assorted Antiques.
   273 | D:1      | You fall into a shaft and drop 1 floor!
   345 | D:2      | Succumbed to a goblin's poison

Illustrated notes

Levels and vault maps discovered:
D:1:      lightli_arrival_statuegarden, layout_basic, serial_shops,
          nicolae_shop_behind_doors, grunt_decor_resistance, minmay_circled_x
D:2:      minmay_recursive_quarters, layout_basic, serial_shops,
          nicolae_shop_window_shopping, serial_bayou_lagoon_a, minmay_rat_hole

Skill      XL: |  1 |
---------------+----+-----
Stealth        | 4 |  4.0
Short Blades   | |  1.5
Dodging        | |  2.4
Spellcasting   | |  3.0
Hexes          | |  4.0

Action                   || total
-------------------------++-------
Melee: Dagger            ||    16
Throw: Stone             ||     1
  Use: Potion            ||     1
Armor: Robe              ||     2
Dodge: Dodged            ||     8
